 Dungeon Crawl Stone Soup version 0.25.1-1-g288607f5aa (webtiles) character file.

Game seed: 17458796869599509827

1061 DildoBatman the Conjurer (level 8, -7/52 HPs)
             Began as a Formicid Wizard on July 19, 2020.
             Mangled by an orc warrior
             ... wielding a +1 vorpal halberd
              (13 damage)
             ... on level 6 of the Dungeon.
             The game lasted 00:15:22 (5030 turns).

DildoBatman the Conjurer (Formicid Wizard)          Turns: 5030, Time: 00:15:23

Health: -7/52      AC:  3    Str: 11    XL:     8   Next: 52%
Magic:  12/12      EV: 11    Int: 21    God:
Gold:   354        SH:  0    Dex: 15    Spells: 6/13 levels left

rFire    . . .     SeeInvis +   b - +2 dagger (speed)
rCold    . . .     Gourm    .   (no shield)
rNeg     . . .     Faith    .   p - +0 robe
rPois    .         Spirit   .   (helmet unavailable)
rElec    .         Reflect  .   (no cloak)
rCorr    .         Harm     .   s - +0 pair of gloves
MR       .....                  (no boots)
Stlth    ++........             m - amulet of magic regeneration
HPRegen  0.17/turn              y - +6 ring of dexterity
MPRegen  0.38/turn              (no ring)

@: heavily drained
A: permanent stasis, dig shafts and tunnels, four strong arms, antennae 3
a: Dig, Shaft Self


You were on level 6 of the Dungeon.
You were not hungry.

You visited 2 branches of the dungeon, and saw 7 of its levels.

You collected 354 gold pieces.

Inventory:

Hand Weapons
 a - a +0 hunting sling
 b - a +2 dagger of speed (weapon)
 e - a +0 spear
Missiles
 d - 49 sling bullets
 g - 10 boomerangs
 o - 50 arrows
 w - 205 stones (quivered)
Armour
 p - a +0 robe (worn)
 s - a +0 pair of gloves (worn)
Jewellery
 m - an amulet of magic regeneration (around neck)
 y - a +6 ring of dexterity (left hand)
Wands
 c - a wand of enslavement (3)
Scrolls
 h - 2 scrolls of fog
 k - 5 scrolls of amnesia
 l - a scroll of immolation {unknown}
 u - 2 scrolls of teleportation {unknown}
 x - 4 scrolls of remove curse
 z - 2 scrolls of identify
Potions
 f - 2 potions of mutation {unknown}
 i - a potion of haste {unknown}
 j - 2 potions of might {unknown}
 n - 4 potions of curing {unknown}
 r - 2 potions of lignification {unknown}
 t - a potion of stabbing {unknown}
 A - a potion of heal wounds {unknown}
Comestibles
 q - 2 chunks of flesh
 v - 13 rations


   Skills:
 - Level 1.7(0.6) Dodging
 - Level 2.4(1.2) Stealth
 - Level 3.2(2.0) Spellcasting
 - Level 6.0(4.7) Conjurations
   Level 1.0(0.0) Summonings
   Level 0.8(0.0) Translocations
 * Level 4.5(3.3) Fire Magic
 * Level 3.7(2.5) Air Magic


You had 6 spell levels left.
You knew the following spells:

 Your Spells              Type           Power        Failure   Level  Hunger
a - Conjure Flame         Conj/Fire      ###.....     9%          3    ###....
c - Magic Dart            Conj           ###.         2%          1    #......
e - Mephitic Cloud        Conj/Pois/Air  ##......     16%         3    ###....

Your spell library contained the following spells:

 Spells                   Type           Power        Failure   Level  Hunger
 Beastly Appendage        Tmut           #.....       14%         1    #......
 Summon Small Mammal      Summ           #...         14%         1    #......
 Call Imp                 Summ           #.......     22%         2    ##.....
 Slow                     Hex            #.......     22%         2    ##.....
 Sticks to Snakes         Tmut           #.......     22%         2    ##.....
 Call Canine Familiar     Summ           #.......     41%         3    ###....
 Spider Form              Tmut/Pois      #.........   41%         3    ###....
 Summon Guardian Golem    Hex/Summ       #.......     41%         3    ###....
 Summon Lightning Spire   Summ/Air       #.......     65%         4    #####..
 Ice Form                 Ice/Tmut       #.......     82%         4    #####..
 Summon Ice Beast         Ice/Summ       #.......     82%         4    #####..
 Blade Hands              Tmut           #.........   99%         5    ######.
 Blink                    Tloc           Unusable     N/A         2    N/A

Dungeon Overview and Level Annotations

Branches:
Dungeon (6/15)             Temple (1/1) D:4

Altars:
Dithmenos
Elyvilon
Fedhas
Gozag
Hepliaklqana
Makhleb
Okawaru
Qazlal
Sif Muna
Uskayaw
Vehumet
Yredelemnul
The Shining One

Annotations:
D:2 exclusion: 6 sensed monsters (detected)
D:3 exclusion: phantom
D:4 1 exclusion, Edmund
D:5 exclusion: sensed monster (detected)


Innate Abilities, Weirdness & Mutations

You cannot be hasted, slowed, berserked, paralysed or teleported.
You can dig through walls and to a lower floor.
Your four strong arms can wield two-handed weapons with a shield.
You have a pair of large antennae on your head. (SInv)


Message History

There is a stone staircase leading down here.
Magic restored.
Some of the chunks of flesh in your inventory have rotted away.
There is a stone staircase leading down here.
You climb downwards.
A worker ant, 4 orcs and an ogre come into view.
The orc warrior is wielding a +1 vorpal halberd.
The orc priest shouts!
The orc shouts! x2
The ogre shouts!
The orc warrior shouts!
The worker ant twitches its antennae in your direction.
You hear an angry hiss.
An adder comes into view.
The orc warrior hits you from afar with a +1 vorpal halberd!!
The orc barely misses you.
Found 25 stones.
There is a stone staircase leading up, spattered with blood here.
The orc warrior hits you from afar with a +1 vorpal halberd!
You die...

###
..#####
#.#...##.
#.......(
#@o..O...
#o...a...
#.oo..S..
##.......
#...##.
####


You could see an orc warrior, an ogre, a worker ant, an orc priest, an adder and
2 orcs.

Vanquished Creatures
  2 ice beasts (D:5)
  4 ogres
  A scorpion (D:5)
  A wight (D:5)
  An orc priest (D:4)
  2 hounds (D:4)
  An orc wizard (D:5)
  An iguana (D:5)
  2 worker ants
  A hound zombie (D:5)
  3 gnolls (D:5)
  12 adders
  2 oozes
  5 worms
  2 dart slugs
  5 leopard geckos
  5 orcs
  4 ball pythons
  7 bats
  6 giant cockroaches
  12 goblins
  8 hobgoblins
  3 jackals (D:2)
  4 kobolds
  A quokka (D:3)
  3 frilled lizards
  A leopard gecko skeleton (D:5)
  A quokka skeleton (D:5)
  8 rats
108 creatures vanquished.

Notes
Turn   | Place    | Note
-------+----------+-------------------------------------------
     0 | D:1      | DildoBatman the Formicid Wizard began the quest for the
                  | Orb.
     0 | D:1      | Reached XP level 1. HP: 13/13 MP: 4/4
    12 | D:1      | Reached skill level 1 in Conjurations
   126 | D:1      | Reached XP level 2. HP: 19/19 MP: 0/6
   322 | D:1      | Reached skill level 2 in Conjurations
   525 | D:1      | Reached XP level 3. HP: 24/24 MP: 4/7
   530 | D:1      | Learned a level 3 spell: Conjure Flame
   534 | D:1      | Learned a level 3 spell: Mephitic Cloud
   935 | D:2      | Reached skill level 3 in Conjurations
  1078 | D:2      | Reached XP level 4. HP: 30/30 MP: 4/8
  1139 | D:2      | Found a shadowy altar of Dithmenos.
  1893 | D:3      | Reached skill level 4 in Conjurations
  1893 | D:3      | Reached XP level 5. HP: 31/35 MP: 5/9
  2288 | D:3      | Found a basalt altar of Yredelemnul.
  2709 | D:4      | Noticed Edmund
  2789 | D:4      | Found a burning altar of Makhleb.
  3026 | D:4      | Noticed an ogre
  3097 | D:4      | Reached skill level 5 in Conjurations
  3097 | D:4      | Reached XP level 6. HP: 41/41 MP: 6/10
  3100 | D:4      | Found a staircase to the Ecumenical Temple.
  3111 | Temple   | Entered the Ecumenical Temple
  3334 | D:4      | Killed an ogre
  3541 | D:5      | Entered Level 5 of the Dungeon
  3541 | D:5      | Noticed an ogre
  3541 | D:5      | Noticed a phantom
  3550 | D:4      | Reached skill level 6 in Conjurations
  3580 | D:4      | Reached XP level 7. HP: 32/46 MP: 5/11
  3632 | D:4      | HP: 1/46 [ogre/+0 giant spiked club (20)]
  3743 | D:4      | Reached skill level 1 in Fire Magic
  3743 | D:4      | Reached skill level 1 in Air Magic
  4099 | D:5      | Found a hide-covered altar of Uskayaw.
  4230 | D:5      | Reached XP level 8. HP: 52/52 MP: 4/12
  5030 | D:6      | Mangled by an orc warrior

Illustrated notes

Levels and vault maps discovered:
D:1:      evilmike_arrival_plus, layout_basic
D:2:      layout_loops_corners, lemuel_coloured_pillars_altar, st_stairs_14,
          uniq_robin
D:3:      layout_basic, first_ration, yredelemnul_altar_generic
D:4:      layout_basic, makhleb_blood_cavern_becter,
          minmay_temple_entry_proselytizer, uniq_edmund
D:5:      wander_guarded_unrand_ratskin, layout_basic,
          eat_drink_and_be_merry_uskayaw
D:6:      layout_rooms, lemuel_crystal_altar,
          gammafunk_temple_overflow_elements, serial_shops, shop_statue
Temple:   eino_temple_lava

Skill      XL: |  1  2  3  4  5  6  7  8 |
---------------+-------------------------+-----
Conjurations   | 1 2 3 4 5 6 |  6.0
Fire Magic     | 3 4 |  4.5
Air Magic      | 2 3 |  3.7
Dodging        | |  1.7
Stealth        | |  2.4
Spellcasting   | |  3.2
Summonings     | |  1.0
Translocations | |  0.8

Action                   |  1- 3 |  4- 6 |  7- 9 || total
-------------------------+-------+-------+-------++-------
Melee: Short sword       |     4 |     3 |     1 ||     8
 Fire: Hunting sling     |       |    13 |    26 ||    39
 Cast: Magic Dart        |    76 |   179 |   107 ||   362
       Mephitic Cloud    |       |     1 |     7 ||     8
       Conjure Flame     |       |       |     7 ||     7
 Abil: Dig               |       |       |     4 ||     4
  Use: Scroll            |       |     3 |     1 ||     4
  Eat: Chunk             |       |     8 |     6 ||    14
Armor: Robe              |     3 |     3 |     3 ||     9
Dodge: Dodged            |    12 |    26 |    22 ||    60
